 Dungeon Crawl Stone Soup version 0.13.1-19-g4b9377e (webtiles) character file.

600 Chiseanne the Ducker (level 6, -10/30 HPs)
             Began as a Spriggan Transmuter on Dec 21, 2013.
             Mangled by an ice beast (14 damage)
             ... on Level 5 of the Dungeon.
             The game lasted 00:18:28 (6074 turns).

Chiseanne the Ducker (Spriggan Transmuter)          Turns: 6074, Time: 00:18:28

HP -10/30        AC  7     Str  6      XL: 6   Next: 60%
MP  27/27        EV 22     Int 16      God:
Gold 185         SH  0     Dex 17      Spells:  3 memorised,  6 levels left

Res.Fire  : . . .   See Invis. : +   E - +0,+1 flail (protect)
Res.Cold  : . . .   Warding    : .   c - +0 orc robe
Life Prot.: . . .   Conserve   : .   (shield restricted)
Res.Poison: .       Res.Corr.  : .   (helmet restricted)
Res.Elec. : .       Clarity    : .   (no cloak)
Sust.Abil.: + .     Spirit.Shd : .   (gloves unavailable)
Res.Mut.  : .       Stasis     : .   (boots unavailable)
Res.Rott. : .       Flight     : .   (no amulet)
Saprovore : . . .                    y - ring of sustain abilities
                                     x - ring of magical power

@: appendage, very quick, somewhat resistant to hostile enchantments, unstealthy
A: unfitting armour, talons 3, see invisible, herbivore 3, speed 3, slow
metabolism 2
a: End Transformation


You were on level 5 of the Dungeon.
You were not hungry.
You had grown temporary talons.
You visited 1 branch of the dungeon, and saw 5 of its levels.

You collected 165 gold pieces.

Inventory:

Hand weapons
 e - a +0,+0 dagger of electrocution (quivered)
 B - a +1,+2 short sword of electrocution
 E - a +0,+1 flail of protection (weapon)
Missiles
 a - 3 needles of sleeping
 b - 12 arrows
 i - 9 poisoned darts
 r - 5 needles of confusion
Armour
 c - a +0 orcish robe (worn)
Magical devices
 D - a wand of cold (5)
Comestibles
 f - 3 meat rations
 j - 15 grapes
 n - 3 bread rations
Scrolls
 h - a scroll of teleportation {unknown}
 k - a scroll of random uselessness {unknown}
 l - 2 scrolls of enchant weapon II {unknown}
 m - 3 scrolls of identify
 o - a scroll of enchant weapon I {unknown}
 p - 2 scrolls of enchant armour {unknown}
 q - a scroll of curse armour {unknown}
 s - 2 scrolls of remove curse {unknown}
 u - a scroll of fear {unknown}
 C - a scroll of curse jewellery {unknown}
Jewellery
 x - a ring of magical power (left hand)
 y - a ring of sustain abilities (right hand)
Potions
 g - a potion of heal wounds
Books
 d - a book of Changes

   Spells                             Type                      Level
   *Beastly Appendage                 Transmutation                1
   Sticks to Snakes                   Transmutation                2
   *Spider Form                       Transmutation/Poison         3
   *Ice Form                          Ice/Transmutation            4
   Blade Hands                        Transmutation                5


   Skills:
 * Level 1.7 Fighting
 * Level 0.7 Maces & Flails
 * Level 6.7 Dodging
 - Level 2.4 Unarmed Combat
 * Level 4.9 Spellcasting
 * Level 4.9 Transmutations


You had 6 spell levels left.
You knew the following spells:

 Your Spells              Type           Power        Failure   Level  Hunger
a - Beastly Appendage     Trmt           ###...       1%          1    None
b - Spider Form           Trmt/Pois      ##........   17%         3    ###....
c - Ice Form              Ice/Trmt       ##........   63%         4    ####...


Dungeon Overview and Level Annotations

Branches:
Dungeon (5/27)
 Temple: D:4-7

Altars:
Elyvilon
Makhleb


Innate Abilities, Weirdness & Mutations

You are tiny and cannot use many weapons and most armour.
You have supernaturally acute eyesight.
You are a herbivore.
You cover ground extremely quickly.*
You need consume almost no food.
You have claws for feet.*


Message History

The ice beast is lightly wounded.
The ice beast barely misses you. The ice beast completely misses you.
You hit the ice beast.
The ice beast is lightly wounded.
The ice beast hits you but does no damage.
You hit the ice beast. You claw the ice beast.
The ice beast is moderately wounded.
The giant gecko completely misses you. The ice beast hits you.
The ice beast freezes you.
The giant gecko bites you but does no damage.
You closely miss the ice beast. You claw the ice beast.
The ice beast is heavily wounded.
The ice beast hits you. The ice beast freezes you!
* * * LOW HITPOINT WARNING * * *
You closely miss the ice beast. You claw the ice beast.
The ice beast is heavily wounded.
The ice beast hits you.
* * * LOW HITPOINT WARNING * * *
The ice beast freezes you!
You die...

### ### #..
..# #>####.#
#....#.#######
#.##..l......#
#.# #I#
####<####@#
#.........#
#.######### #


You could see an ice beast and a giant gecko.

Vanquished Creatures
  A phantom (D:4)
  An orc priest (D:4)
  2 orc wizards
  An iguana (D:3)
  A worker ant (D:4)
  3 gnolls (D:3)
  8 adders
  A worm (D:3)
  A giant eyeball (D:4)
  3 giant geckos
  2 oozes (D:3)
  2 orcs (D:4)
  11 bats
  4 giant cockroaches
  15 goblins
  11 hobgoblins
  3 jackals (D:4)
  2 quokkas
  5 ball pythons
  3 giant newts (D:4)
  13 kobolds
  8 rats
101 creatures vanquished.

Vanquished Creatures (others)
  An adder (D:3)
1 creature vanquished.

Grand Total: 102 creatures vanquished

Notes
Turn   | Place    | Note
--------------------------------------------------------------
     0 | D:1      | Chiseanne, the Spriggan Transmuter, began the quest for the Orb.
     0 | D:1      | Reached XP level 1. HP: 10/10 MP: 2/2
   315 | D:1      | Reached skill level 1 in Fighting
   351 | D:1      | Reached XP level 2. HP: 14/14 MP: 2/5
  1087 | D:2      | Reached XP level 3. HP: 18/18 MP: 6/8
  1092 | D:2      | Learned a level 3 spell: Spider Form
  1267 | D:2      | Reached skill level 4 in Dodging
  1595 | D:2      | Reached XP level 4. HP: 17/22 MP: 11/11
  1903 | D:2      | Found a burning altar of Makhleb.
  2613 | D:3      | Found a white marble altar of Elyvilon.
  2726 | D:3      | Reached skill level 5 in Dodging
  3108 | D:3      | Reached XP level 5. HP: 20/25 MP: 15/15
  3294 | D:4      | Noticed a phantom
  3571 | D:4      | Killed a phantom
  4281 | D:4      | Reached skill level 6 in Dodging
  4281 | D:4      | Reached XP level 6. HP: 22/30 MP: 18/18
  4287 | D:4      | Learned a level 4 spell: Ice Form
  5686 | D:4      | Paralysed by a giant eyeball for 4 turns
  5691 | D:4      | Paralysed by a giant eyeball for 3 turns
  6054 | D:5      | Entered Level 5 of the Dungeon
  6074 | D:5      | Mangled by an ice beast

Action                   |  1- 3 |  4- 6 || total
-------------------------+-------+-------++-------
Melee: Short sword       |    19 |       ||    19
       Unarmed           |    11 |       ||    11
       Dagger            |    74 |    25 ||    99
       Sabre             |       |    27 ||    27
       Flail             |       |   157 ||   157
Throw: Dart              |     3 |     5 ||     8
 Cast: Beastly Appendage |    20 |    34 ||    54
Evoke: Wand              |       |     3 ||     3
  Use: Scroll            |       |     1 ||     1
       Potion            |       |    11 ||    11
 Stab: Sleeping          |     1 |       ||     1
